 Dungeon Crawl Stone Soup version 0.24.0-13-gcf9b3192b9 (webtiles) character file.

Game seed: 7513652573984770523, levelgen mode: deterministic

65228 Curus the Warrior (level 14, -3/138 HPs)
             Began as a Minotaur Berserker on Nov 6, 2019.
             Was a High Priest of Trog.
             Slain by a two-headed ogre
             ... wielding a +0 giant spiked club
              (8 damage)
             ... on level 1 of the Orcish Mines.
             The game lasted 01:29:09 (18567 turns).

Curus the Warrior (Minotaur Berserker)             Turns: 18567, Time: 01:29:09

Health: -3/138     AC: 26    Str: 22    XL:     14   Next: 74%
Magic:  0/18       EV:  8    Int:  7    God:    Trog [*****.]
Gold:   1474       SH:  4    Dex:  9    Spells: 13/13 levels left

rFire    . . .     SeeInvis +   Z - +3 eveningstar
rCold    + + .     Gourm    .   v - +0 buckler
rNeg     . . .     Faith    .   p - +2 plate armour
rPois    +         Spirit   +   x - +1 hat
rElec    .         Reflect  .   j - +2 cloak {+Inv}
rCorr    .         Harm     .   (no gloves)
MR       ++...                  g - +1 pair of boots
Stlth    ..........             E - amulet of guardian spirit
HPRegen  0.33/turn              r - ring of see invisible
MPRegen  0.16/turn              S - ring of the Traitor {rPois rC++ MR+ Dex-3 Slay+6}

@: berserk cooldown, slowed, very slow
A: retaliatory headbutt, horns 2, talons 1, blink
a: Blink, Berserk, Trog's Hand, Brothers in Arms, Renounce Religion, Evoke
Invisibility


You were on level 1 of the Orcish Mines.
You worshipped Trog.
Trog was extremely pleased with you.
You were not hungry.

You visited 3 branches of the dungeon, and saw 19 of its levels.

You collected 1738 gold pieces.
You spent 264 gold pieces at shops.

Inventory:

Hand Weapons
 Z - a +3 eveningstar (weapon)
Armour
 g - a +1 pair of boots (worn)
 j - a +2 cloak of invisibility (worn)
 p - a +2 plate armour (worn)
 v - a +0 buckler (worn)
 x - a +1 hat (worn)
Jewellery
 e - an uncursed ring of fire
 i - an uncursed ring of protection from fire
 r - a ring of see invisible (left hand)
 E - an amulet of guardian spirit (around neck)
 K - an uncursed ring of protection from fire
 M - an uncursed amulet of magic regeneration
 O - a +2 ring of evasion
 P - an uncursed ring of fire
 R - a cursed amulet of inaccuracy
 S - the ring of the Traitor (right hand) {rPois rC++ MR+ Dex-3 Slay+6}
   (You found it on level 4 of the Lair of Beasts)

   [ring of poison resistance]

   It affects your dexterity (-3).
   It affects your accuracy and damage with ranged weapons and melee attacks
   (+6).
   It greatly protects you from cold.
   It protects you from poison.
   It affects your resistance to hostile enchantments.
 U - an uncursed ring of magical power
 V - a +2 ring of dexterity
Wands
 q - a wand of scattershot (5)
 y - a wand of polymorph (11)
 A - a wand of random effects (43)
 G - a wand of iceblast (16)
 H - a wand of enslavement (9)
 J - a wand of flame (5)
 Q - a wand of paralysis (21)
Scrolls
 a - a scroll of enchant armour
 s - 10 scrolls of teleportation
 t - 3 scrolls of remove curse
 w - 3 scrolls of magic mapping
 C - 2 scrolls of fog
 F - 6 scrolls of identify
 L - a scroll of torment
Potions
 d - 4 potions of heal wounds
 m - 10 potions of curing
 z - a potion of resistance
 B - 3 potions of might
 I - a potion of agility
 N - 2 potions of invisibility
 T - a potion of cancellation
 W - a potion of magic
 Y - a potion of brilliance
Comestibles
 c - 24 rations


   Skills:
 - Level 16.6 Fighting
 - Level 16.4 Maces & Flails
 - Level 16.4 Armour
 - Level 2.1 Dodging
 - Level 4.2 Shields
 + Level 7.8 Evocations


You had 13 spell levels left.
You didn't know any spells.
Your spell library was empty.

Dungeon Overview and Level Annotations

Branches:
Dungeon (11/15)            Temple (0/1) D:4            Lair (6/6) D:11
  Swamp (0/4) Lair:3       Spider (0/4) Lair:3        Slime (0/5) Lair:5
    Orc (2/2) D:9             Elf (0/3) Orc:2

Altars:
Elyvilon
Gozag
Kikubaaqudgha
Makhleb
Okawaru
Ru
Uskayaw
Vehumet
Xom
Yredelemnul
Zin
The Shining One

Shops:
D:10 (   Orc:2 ?*[(?


Innate Abilities, Weirdness & Mutations

You reflexively headbutt those who attack you in melee.
You have a pair of horns on your head.
You have sharp toenails.
You can translocate small distances at will.


Message History

The two-headed ogre hits you but does no damage.
The two-headed ogre barely misses you.
The two-headed ogre hits you with a +0 giant club.
* * * LOW HITPOINT WARNING * * *
The two-headed ogre closely misses you.
You climb upwards.
There is a stone staircase leading down here.
The two-headed ogre hits you with a +0 giant club.
* * * LOW HITPOINT WARNING * * *
The two-headed ogre hits you but does no damage.
You see here 4 large rocks.
You bludgeon the two-headed ogre!!
The two-headed ogre is severely wounded.
The two-headed ogre hits you with a +0 giant club!
* * * LOW HITPOINT WARNING * * *
The two-headed ogre hits you but does no damage.
The two-headed ogre hits you with a +0 giant spiked club!
* * * LOW HITPOINT WARNING * * *
The two-headed ogre hits you with a +0 giant club!
You die...

....## .....# ###
.....# ##.## ....##
##...# ...## ##....##
.##### #......#
..##.## ### #.....##
......## ##.###.....#
.......###....#O@O..##
...#..##.#.....#O#...#
............#.#.>....#
.................[..##
...............#.#(##
.....#....#....###.##
.........#......#...#
...............##..##
...............#....##


You could see 3 two-headed ogres.

Vanquished Creatures
  An orc warlord (Orc:2)
  5 dire elephants (Lair:6)
  A great orb of eyes (D:9)
  8 hydras
  2 catoblepae (Lair:2)
  9 two-headed ogres
  Erica (D:8)
  3 ogre magi (Orc:2)
  An anaconda (Lair:6)
  4 death yaks
  Urug (Orc:1)
  An unseen horror (D:10)
  4 lindwurms (Lair:4)
  A wolf spider (D:9)
  A cyclops (Orc:1)
  2 ugly things (D:11)
  An orb spider (Lair:3)
  An orc sorcerer (Orc:2)
  18 elephants
  4 black mambas
  6 spiny frogs
  A rime drake (Lair:5)
  3 komodo dragons
  The ghost of Mandevil the Chucker, an amateur TrHu (D:4)
  2 polar bears (Lair:4)
  A tyrant leech (Lair:3)
  4 trolls
  4 slime creatures (Lair:5)
  Prince Ribbit (D:6)
  The ghost of AlterAsc the Changer, an amateur OpTm (D:4)
  A meliai zombie (D:11)
  8 hippogriffs
  36 yaks
  A wyvern (Lair:2)
  3 basilisks
  A steam dragon (Lair:6)
  2 swamp worms (Lair:3)
  Edmund (D:6)
  2 wargs
  7 water moccasins
  An acid dragon (Lair:6)
  Duvessa (D:6)
  2 swamp drakes (Lair:6)
  A black bear (Lair:5)
  7 porcupines
  A sky beast (D:7)
  15 orc warriors
  4 ice beasts
  2 necrophages (D:9)
  13 ogres
  15 wolves
  A boggart (D:9)
  15 crocodiles
  4 centaurs
  2 big kobolds
  A gnoll sergeant (D:8)
  14 bullfrogs
  Dowan (D:6)
  A wyvern zombie (D:10)
  A water moccasin skeleton (D:9)
  4 scorpions
  5 wights (D:11)
  12 killer bees (D:11)
  4 howler monkeys
  2 crimson imps
  4 hounds
  A quasit (D:5)
  A centaur zombie (D:5)
  2 jellies
  Crazy Yiuf (D:2)
  2 centaur skeletons
  7 orc priests
  12 orc wizards
  A bullfrog skeleton (D:7)
  3 iguanas
  9 worker ants
  2 gnoll shamans
  Natasha (thrice) (D:2)
  A hound zombie (D:5)
  11 adders
  18 gnolls
  4 shadow imps
  An adder zombie (D:9)
  2 worms
  A dart slug (D:1)
  5 leopard geckos
  64 orcs
  6 giant cockroaches
  9 goblins
  4 hobgoblins
  11 jackals
  11 kobolds
  9 quokkas
  A ball python (D:1)
  8 bats
  7 frilled lizards
  A jackal skeleton (D:4)
  A jackal zombie (D:8)
  A leopard gecko skeleton (D:8)
  A leopard gecko zombie (D:5)
  2 quokka skeletons
  5 rats
  A butterfly (Lair:2)
  A fungus (D:2)
  2 plants (Lair:6)
520 creatures vanquished.

Vanquished Creatures (collateral kills)
  4 death yaks
  An ugly thing (D:11)
  2 spiny frogs
  2 elephants (Lair:3)
  4 yaks
13 creatures vanquished.

Vanquished Creatures (others)
  2 fungi (Lair:6)
  3 plants
5 creatures vanquished.

Grand Total: 538 creatures vanquished

Notes
Turn   | Place    | Note
-------+----------+-------------------------------------------
     0 | D:1      | Curus the Minotaur Berserker began the quest for the Orb.
     0 | D:1      | Reached XP level 1. HP: 19/19 MP: 0/0
    76 | D:1      | Gained mutation: You have sharp toenails. [potion of
                  | mutation]
    76 | D:1      | Gained mutation: You can translocate small distances at
                  | will. [potion of mutation]
   116 | D:1      | Reached XP level 2. HP: 26/26 MP: 1/1
   900 | D:1      | Reached skill level 5 in Maces & Flails
  1092 | D:2      | Reached XP level 3. HP: 29/31 MP: 2/2
  1273 | D:2      | Reached ** piety under Trog
  1313 | D:2      | Found a radiant altar of Vehumet.
  1581 | D:2      | Reached XP level 4. HP: 23/39 MP: 3/3
  1622 | D:2      | Noticed Natasha
  1626 | D:2      | Killed Natasha
  1817 | D:2      | Noticed Natasha
  1826 | D:2      | Killed Natasha
  1826 | D:2      | Reached XP level 5. HP: 37/45 MP: 4/4
  1931 | D:2      | Noticed Natasha
  1937 | D:2      | Killed Natasha
  2042 | D:2      | Found a runed translucent door.
  2043 | D:2      | Noticed Crazy Yiuf
  2068 | D:2      | Killed Crazy Yiuf
  2498 | D:3      | Found a sacrificial altar of Ru.
  2556 | D:3      | Found an opulent altar of Gozag.
  3161 | D:4      | Found a staircase to the Ecumenical Temple.
  3166 | D:4      | Reached XP level 6. HP: 45/51 MP: 5/5
  3229 | D:4      | Reached *** piety under Trog
  3471 | D:4      | Found a runed translucent gate.
  3472 | D:4      | Found a runed translucent gate.
  3472 | D:4      | Found a runed translucent gate.
  3475 | D:4      | Noticed AlterAsc's ghost (amateur OpTm)
  3475 | D:4      | Noticed Mandevil's ghost (amateur TrHu)
  3494 | D:4      | Reached XP level 7. HP: 47/57 MP: 6/6
  3674 | D:4      | Killed AlterAsc's ghost
  3674 | D:4      | Reached skill level 10 in Maces & Flails
  3685 | D:4      | Killed Mandevil's ghost
  3790 | D:5      | Entered Level 5 of the Dungeon
  3886 | D:5      | Reached XP level 8. HP: 64/64 MP: 7/7
  4028 | D:5      | Found a white marble altar of Elyvilon.
  4458 | D:6      | Found an ancient bone altar of Kikubaaqudgha.
  4470 | D:6      | Found a hide-covered altar of Uskayaw.
  4704 | D:6      | Noticed Prince Ribbit
  4710 | D:6      | Killed Prince Ribbit
  4900 | D:6      | Noticed Edmund
  4908 | D:6      | Killed Edmund
  4912 | D:6      | Received a gift from Trog
  5164 | D:6      | Reached **** piety under Trog
  5186 | D:6      | Found a basalt altar of Yredelemnul.
  5357 | D:6      | Noticed Duvessa
  5357 | D:6      | Noticed Dowan
  5381 | D:6      | Killed Duvessa
  5381 | D:6      | Reached XP level 9. HP: 53/70 MP: 8/8
  5388 | D:6      | Killed Dowan
  5773 | D:7      | Found a glowing golden altar of the Shining One.
  6071 | D:8      | Found an opulent altar of Gozag.
  6071 | D:8      | Found a burning altar of Makhleb.
  6093 | D:8      | Reached skill level 15 in Maces & Flails
  6138 | D:8      | HP: 2/70 [gnoll/+0 halberd (6)]
  6219 | D:8      | Found a shimmering altar of Xom.
  6457 | D:8      | Found an iron altar of Okawaru.
  6536 | D:8      | Found a glowing silver altar of Zin.
  6583 | D:8      | Noticed Erica
  6600 | D:8      | Killed Erica
  6600 | D:8      | Reached XP level 10. HP: 76/77 MP: 9/9
  6771 | D:9      | Reached ***** piety under Trog
  6792 | D:9      | Noticed a two-headed ogre
  6800 | D:9      | Killed a two-headed ogre
  6800 | D:9      | Reached skill level 5 in Fighting
  6804 | D:9      | Reached skill level 5 in Armour
  6841 | D:9      | Found a staircase to the Orcish Mines.
  7177 | D:9      | Found a runed translucent door.
  7178 | D:9      | Noticed a wolf spider
  7243 | D:9      | Noticed a great orb of eyes
  7250 | D:9      | Paralysed by a great orb of eyes for 4 turns
  7260 | D:9      | Killed a great orb of eyes
  7265 | D:9      | Killed a wolf spider
  7720 | D:10     | Entered Level 10 of the Dungeon
  7901 | D:10     | Reached XP level 11. HP: 95/95 MP: 10/10
  7969 | D:10     | Found Uchiuwos's Antique Weapon Shop.
  7972 | D:10     | Noticed an unseen horror
  7981 | D:10     | Killed an unseen horror
  8657 | D:11     | Noticed a purple ugly thing
  8663 | D:11     | Killed a purple ugly thing
  8749 | D:11     | Reached skill level 10 in Fighting
  8800 | D:11     | Reached skill level 10 in Armour
  8863 | D:11     | Noticed a cyan ugly thing
  8874 | D:11     | Killed a cyan ugly thing
  8936 | D:11     | Noticed a two-headed ogre
  8943 | D:11     | Killed a two-headed ogre
  9123 | D:11     | Noticed a cyan ugly thing
  9133 | D:11     | Killed a cyan ugly thing
  9269 | D:11     | Found a staircase to the Lair.
  9277 | Lair:1   | Entered Level 1 of the Lair of Beasts
  9288 | Lair:1   | Reached skill level 1 in Shields
  9292 | Lair:1   | Reached skill level 1 in Evocations
  9957 | Lair:1   | Reached XP level 12. HP: 99/110 MP: 10/13
  9973 | Lair:1   | Noticed an eight-headed hydra
  9982 | Lair:1   | Killed an eight-headed hydra
 10742 | Lair:2   | Noticed a five-headed hydra
 10750 | Lair:2   | Killed a five-headed hydra
 10759 | Lair:2   | Received a gift from Trog
 10785 | Lair:2   | Noticed a six-headed hydra
 10796 | Lair:2   | Killed a six-headed hydra
 10939 | Lair:2   | Noticed a five-headed hydra
 10947 | Lair:2   | Killed a five-headed hydra
 10998 | Lair:2   | Noticed a catoblepas
 11009 | Lair:2   | Killed a catoblepas
 11068 | Lair:2   | Noticed a catoblepas
 11084 | Lair:2   | Killed a catoblepas
 12077 | Lair:3   | Noticed an eight-headed hydra
 12088 | Lair:3   | Killed an eight-headed hydra
 12092 | Lair:3   | Noticed a six-headed hydra
 12596 | Lair:3   | Reached XP level 13. HP: 94/122 MP: 9/14
 12633 | Lair:3   | Found a hole to the Spider Nest.
 12839 | Lair:3   | Found a staircase to the Swamp.
 14396 | Lair:5   | Reached skill level 15 in Fighting
 14442 | Lair:5   | Found a staircase to the Slime Pits.
 14906 | Lair:6   | Entered Level 6 of the Lair of Beasts
 14906 | Lair:6   | Found a burning altar of Makhleb.
 14998 | Lair:6   | Reached skill level 15 in Armour
 16070 | Lair:6   | Reached XP level 14. HP: 124/136 MP: 15/15
 16981 | Lair:4   | Got a warped marble ring
 16984 | Lair:4   | Identified the ring of the Traitor {rPois rC++ MR+ Dex-3
                  | Slay+6} (You found it on level 4 of the Lair of Beasts)
 17540 | Orc:1    | Entered Level 1 of the Orcish Mines
 17565 | Orc:1    | Noticed Urug
 17576 | Orc:1    | Killed Urug
 17910 | Orc:2    | Entered Level 2 of the Orcish Mines
 17910 | Orc:2    | Found a staircase to the Elven Halls.
 17967 | Orc:2    | Found Pyobbenun's Magic Scroll Emporium.
 17987 | Orc:2    | Noticed an orc warlord
 18333 | Orc:2    | Reached skill level 5 in Evocations
 18336 | Orc:2    | Received a gift from Trog
 18340 | Orc:2    | Got a steaming quarterstaff {god gift}
 18392 | Orc:2    | Killed an orc warlord
 18462 | Orc:2    | Bought a scroll of teleportation for 48 gold pieces
 18462 | Orc:2    | Bought a scroll of enchant armour for 120 gold pieces
 18462 | Orc:2    | Bought a scroll of teleportation for 48 gold pieces
 18462 | Orc:2    | Bought a scroll of teleportation for 48 gold pieces
 18500 | Orc:2    | Found Riupof's Armour Emporium.
 18500 | Orc:2    | Found Cakydela's Magic Scroll Boutique.
 18500 | Orc:2    | Found Lotashug's Antique Weapon Shop.
 18500 | Orc:2    | Found Balauwub's Assorted Antiques.
 18567 | Orc:1    | HP: 5/138 [two-headed ogre/+0 giant spiked club (7)]
 18567 | Orc:1    | Slain by a two-headed ogre

Levels and vault maps discovered:
D:1:      lemuel_arrival_room, layout_loops_ring, minmay_tromino_v4_a
D:2:      layout_loops_corners, nicolae_overflow_hidden_temple,
          fiery_altar_vehumet, first_ration, uniq_crazy_yiuf_cottage,
          uniq_natasha
D:3:      layout_loops_ring, nicolae_ru_sacrificial_ziggurat,
          grunt_gozag_statues
D:4:      layout_rooms, minmay_temple_entry_waves, gammafunk_ghost_cemetery
D:5:      layout_gridville, elyvilon_altar_5
D:6:      layout_loops_corners, chequers_temple_overflow_statue_of_worship,
          basic_altar, uniq_prince_ribbit1, uniq_duvessa, uniq_edmund
D:7:      layout_basic, tso_oasis_becter, minmay_starry_boxes
D:8:      layout_rooms, zin_statuary, lemuel_crystal_altar,
          grunt_temple_overflow_open, uniq_erica
D:9:      layout_rooms, david_orc_2, blue_anna_alchemist
          [blue_anna_fruit_fields, blue_anna_fruit_fields], minivault_13
D:10:     layout_loops_cross, serial_shops, shop
D:11:     layout_long_grid, lair_entry_dummy
Lair:1:   layout_small_grid, st_stairs_4, serial_bayou_shore_a
Lair:2:   layout_cave_pods, nicolae_lair_grove_arrangements, lemuel_fruit_fields
Lair:3:   layout_gridlike, palyth_hydra_swamp_entry,
          nicolae_spider_entry_orb_guardian, grunt_megastairs_5
Lair:4:   layout_cave_pods, minmay_lindwurm_lava
Lair:5:   layout_regular_city, minmay_slime_entry_pillars, lemuel_fruit_tree
Lair:6:   due_jungle_book, layout_small_grid, basic_altar, guppyfry_lair_drakes
Orc:1:    layout_caves, uniq_urug
Orc:2:    st_orc_ogre_mass, layout_diamond_mine, serial_shops,
          nicolae_shop_behind_doors

Skill      XL: |  1  2  3  4  5  6  7  8  9 10 11 12 13 14 |
---------------+-------------------------------------------+-----
Maces & Flails | 4 5 6 8 9 11 13 16 | 16.4
Fighting       | 8 11 13 15 16 | 16.6
Armour         | 7 10 13 15 16 | 16.4
Shields        | 3 4 |  4.2
Evocations     | 2 3 7 |  7.8
Dodging        | |  2.1

Action                   |  1- 3 |  4- 6 |  7- 9 | 10-12 | 13-15 || total
-------------------------+-------+-------+-------+-------+-------++-------
Melee: Mace              |    80 |   123 |       |       |       ||   203
       Kick              |     3 |       |       |       |       ||     3
       Headbutt          |     7 |    25 |    66 |   136 |   200 ||   434
       Flail             |       |    39 |    96 |       |       ||   135
       Morningstar       |       |       |   251 |   605 |   582 ||  1438
       Eveningstar       |       |       |       |       |   148 ||   148
Invok: Berserk           |       |     1 |     4 |     9 |     8 ||    22
       Trog's Hand       |       |       |       |     2 |     1 ||     3
       Brothers in Arms  |       |       |       |     3 |     2 ||     5
 Abil: Blink             |       |       |       |     1 |     1 ||     2
Evoke: Wand              |       |       |       |    10 |    11 ||    21
  Use: Potion            |     2 |     2 |     9 |     2 |     4 ||    19
       Scroll            |     3 |     3 |     6 |     9 |     4 ||    25
 Stab: Sleeping          |     1 |       |       |       |       ||     1
       Invisible         |       |       |     1 |       |       ||     1
       Distracted        |       |       |       |       |     1 ||     1
  Eat: Chunk             |     2 |     7 |     7 |    17 |    11 ||    44
       Ration            |       |       |     2 |     4 |     5 ||    11
Armor: Animal skin       |    25 |     3 |       |       |       ||    28
       Ring mail         |       |    19 |       |       |       ||    19
       Scale mail        |       |    19 |       |       |       ||    19
       Plate armour      |       |    35 |   252 |   364 |   439 ||  1090
Dodge: Dodged            |    42 |    75 |   120 |   202 |   292 ||   731
Block: Buckler           |       |       |    26 |    81 |   139 ||   246
